[Event "Late-Titled-Tuesday-Blitz-March-12-2024"]
[Site "Chess.com"]
[Date "2024.03.12"]
[Round "1"]
[White "WhiteKnight2612"]
[Black "mbchess97"]
[Result "1-0"]
[WhiteElo "2861"]
[BlackElo "2490"]
[TimeControl "180+1"]
[EndTime "14:07:25 PDT"]
[Termination "WhiteKnight2612 won on time"]

1. e4 c5 2. Nf3 d6 3. d4 cxd4 4.
Nxd4 Nf6 5. Nc3 Nc6 6. Bg5 e6 7. Qd2 a6 8. O-O-O Be7 9. Kb1 Bd7 10. f3 Qc7 11. Nxc6 bxc6 12. Bd3 d5 13. g4 h6 14. Bf4 e5 15. Bg3 d4 16. Ne2 c5 17.
c4 Rb8 18. h4 Nh7 19. f4 Bd6 20. g5 Nf8 21. f5 Ba4 22. Rdg1 h5 23. Be1 g6 24.
Rf1 Qb7 25. Ng3 Bc7 26. Rh2 Bd7 27. Rhf2 Rh7 28. Qd1 a5 29. fxg6 Nxg6 30. Nxh5 Bd8 31. Rd2 Be6 32. Bg3 Qb4 33. Rc2 a4 34. Nf6+ Bxf6 35. Rxf6 Nxh4 36. Qh1 a3 37. Bxh4 axb2 38. g6 fxg6 39. Rxe6+ Kd7 40. Rxe5 Qa3 41. Rd5+ Kc6 42.
e5 Kb6 43. Rd6+ Ka5 44. Qc6 1-0

[Event "Late-Titled-Tuesday-Blitz-March-12-2024"]
[Site "Chess.com"]
[Date "2024.03.12"]
[Round "1"]
[White "Rud_2008"]
[Black "Practical-Play"]
[Result "1-0"]
[WhiteElo "2766"]
[BlackElo "2440"]
[TimeControl "180+1"]
[EndTime "14:07:25 PDT"]
[Termination "Rud_2008 won on time"]

1. e4 e5 2. Nf3 Nc6 3. Nc3 Nf6 4. d4 exd4 5. Nxd4 Bc5 6. Nb3 Bb6 7. Qe2 O-O 8. Bg5 a5 9. Nd5 a4 10. Bxf6 gxf6 11.
Nd2 a3 12. b3 Bc5 13. O-O-O d6 14. Qf3 f5 15. exf5 Nd4 16. Qg3+ Kh8 17. Qc3 f6 18.
Ne4 c6 19. Ne3 Qe7 20. Rxd4 Bxd4 21. Qxd4 d5 22. Nc3 c5 23. Qxd5 Rd8 24. Qe4 Qd6 25.
Bd3 Bd7 26. Ncd5 Bc6 27. c4 Re8 28. Qf4 Qd8 29. g4 b5 30. Rg1 bxc4 31. Bxc4 Bxd5 32. Nxd5 Re5 33. Rd1 Qa5 34. Qf3 Rd8 35. g5 Rdxd5 36. Bxd5 Rxf5 37. Qe3 Re5 38. Qh3 Qb4 39. Bc4 f5 40. g6 1-0

[Event "Late-Titled-Tuesday-Blitz-March-12-2024"]
[Site "Chess.com"]
[Date "2024.03.12"]
[Round "1"]
[White "Qingdom"]
[Black "Zorbos"]
[Result "1-0"]
[WhiteElo "2286"]
[BlackElo "2603"]
[TimeControl "180+1"]
[EndTime "14:07:25 PDT"]
[Termination "Qingdom won by checkmate"]

1. d4 Nf6 2. Bg5 Ne4 3. Bf4 d5 4. e3 e6 5. Bd3 Bd6 6. Ne2 Nf6 7. Nd2 O-O 8. O-O c5 9. Bxd6 Qxd6 10. c4 Nc6 11.
cxd5 exd5 12. dxc5 Qxc5 13. Rc1 Qe7 14. Nb3 Bg4 15.
a3 Rfc8 16. Qe1 Ne5 17. Bb1 Rxc1 18. Nexc1 Rc8 19. Nd4 Ne4 20. Nd3 Nxd3 21. Bxd3 Bd7 22. Qe2 Qg5 23. Re1 Re8 24. Qf3 f5 25. Bxe4 dxe4 26.
Qg3 Qxg3 27. hxg3 Rc8 28. Kf1 a6 29. Ke2 Kf7 30. Kd2 Kf6 31. Rc1 Rxc1 32. Kxc1 Ke5 33. Kd2 g5 34. Kc3 a5 35. b4 b6 36. bxa5 bxa5 37.
Kc4 Kd6 38. Nb3 a4 39. Nd4 h5 40. Kb4 f4 41. gxf4 gxf4 42. exf4 Kd5 43. Ne2 Bc6 44. g3 Bd7 45. Nc3+ Kd4 46. Nxa4 Bxa4 47. Kxa4 Kd3 48. f5 Ke2 49. f6 Kxf2 50. f7 e3 51. f8=Q+ Ke1 52.
Kb3 e2 53. Kc3 Kd1 54. Qd6+ Ke1 55. Qf4 h4 56. gxh4 Kd1 57. Qd2# 1-0

[Event "Late-Titled-Tuesday-Blitz-March-12-2024"]
[Site "Chess.com"]
[Date "2024.03.12"]
[Round "1"]
[White "DenLaz"]
[Black "Lady_Nika"]
[Result "0-1"]
[WhiteElo "3042"]
[BlackElo "2572"]
[TimeControl "180+1"]
[EndTime "14:07:29 PDT"]
[Termination "Lady_Nika won by resignation"]

1. d4 d5 2. c4 e6 3. Nf3 f5 4. Nc3 Nf6 5. Bf4 c6 6. e3 Bd6 7.
Bxd6 Qxd6 8. Bd3 O-O 9. Qc2 Ne4 10. O-O Nd7 11. Rab1 a6 12. b4 b5 13. c5 Qe7 14.
a4 e5 15. Ra1 Nxc3 16. Qxc3 e4 17. axb5 exf3 18. gxf3 cxb5 19. Bxb5 Nf6 20. Bd3 f4 21. Kh1 fxe3 22. Rae1 Bh3 23. Rxe3 Qf7 24. Rg1 Rae8 25. Bxa6 Nh5 26. c6 Rxe3 27. Qxe3 Re8 28. Qc3 Nf4 29. c7 Bc8 30. Bb5 Re7 31. Re1 Rxc7 32. Qe3 Be6 33. Bf1 h6 34. b5 Rb7 35.
Rb1 Bh3 36. Bxh3 Nxh3 37. b6 Qg6 38. Rc1 Rxb6 39. f4 Qe4+ 40. Qxe4 Nxf2+ 0-1

[Event "Late-Titled-Tuesday-Blitz-March-12-2024"]
[Site "Chess.com"]
[Date "2024.03.12"]
[Round "1"]
[White "vugarrasulov"]
[Black "HajiyevKanan"]
[Result "1-0"]
[WhiteElo "2934"]
[BlackElo "2528"]
[TimeControl "180+1"]
[EndTime "14:07:30 PDT"]
[Termination "vugarrasulov won by resignation"]

1. d4 d5 2. c4 c6 3. Nc3 Nf6 4. e3 a6 5. Nf3 Bg4 6. Qb3 Bc8 7. cxd5 cxd5 8. Bd2 Nc6 9. Bd3 e6 10. Rc1 Bd6 11. O-O O-O 12. h3 Na5 13. Qd1 b5 14. b3 Ba3 15. Rc2 Bb7 16. Ne5 Rc8 17. Nb1 Bd6 18. Rxc8 Bxc8 19. Qc2 Bb7 20. Rc1 h6 21. Be1 Qb6 22. Nd2 Ba3 23. Rb1 Rc8 24. Qd1 Nc6 25. Nxc6 Qxc6 26. b4 a5 27. bxa5 b4 28. Nb3 Ba6 29. Qe2 Bc4 30. Nc5 Qb5 31. Bxc4 dxc4 32. a6 Nd7 33. Nxd7 Qxd7 34. Bxb4 Rb8 35.
Qxc4 Qa4 36. Rb3 Rxb4 37. Rxb4 Bxb4 38. g3 Qa5 39. Qc8+ Kh7 40. Qb7 Be1 41. a7 Qxa2 42. a8=Q Qxf2+ 43. Kh1 Qxg3 44. Qf3 Qh4 45. Qae4+ 1-0

[Event "Late-Titled-Tuesday-Blitz-March-12-2024"]
[Site "Chess.com"]
[Date "2024.03.12"]
[Round "1"]
[White "CarlosAlbornoz"]
[Black "KetiTsatsalashvili"]
[Result "1-0"]
[WhiteElo "2779"]
[BlackElo "2442"]
[TimeControl "180+1"]
[EndTime "14:07:30 PDT"]
[Termination "CarlosAlbornoz won by resignation"]

1. e4 c5 2. Nf3 d6 3. Bb5+ Bd7 4. Bxd7+ Nxd7 5. O-O g6 6. c3 Bg7 7. d4 Ngf6 8. Re1 d5 9. e5 Ne4 10. Nbd2 Nxd2 11.
Bxd2 O-O 12. e6 fxe6 13. Rxe6 cxd4 14. cxd4 Nf6 15. Qb3 Kh8 16. Bb4 Re8 17. Rae1 Ne4 18. Ne5 Bxe5 19. Rxe5 e6 20. f3 Ng5 21. Qe3 h6 22. h4 Nf7 23. Rxe6 Rxe6 24. Qxe6 Kg7 25. Be7 Qb6 26. Qxd5 Rc8 27. h5 gxh5 28. Re6 Rc1+ 29. Kh2 Qc7+ 30. Bd6 Nxd6 31. Qe5+ Kf8 32. Rxd6 Rc6 33. Rxc6 Qxc6 34. Qxh5 Qd6+ 35. Qe5 Qa6 36. a3 Qb6 37. Qc5+ Qxc5 38. dxc5 Ke7 39. b4 Ke6 40. g4 Kd5 41. Kg3 Kc4 42. f4 a6 43. g5 hxg5 44.
fxg5 Kb3 45. g6 Kxa3 46. g7 Kxb4 47. g8=Q Kxc5 48. Kf3 a5 49. Ke3 Kb4 50. Kd3 b5 51. Qd5 a4 52. Kc2 Ka5 53. Qc5 Ka6 54. Kc3 a3 55.
Qxa3+ 1-0

[Event "Late-Titled-Tuesday-Blitz-March-12-2024"]
[Site "Chess.com"]
[Date "2024.03.12"]
[Round "1"]
[White "jstopa4"]
[Black "Kopytkin"]
[Result "1-0"]
[WhiteElo "2750"]
[BlackElo "2425"]
[TimeControl "180+1"]
[EndTime "14:07:32 PDT"]
[Termination "jstopa4 won on time"]

1. Nf3 d5 2. g3 g6 3. Bg2 Bg7 4. O-O e5 5. d3 Ne7 6. c4 d4 7. b4 c5 8. bxc5 Nbc6 9. Nbd2 O-O 10. Nb3 h6 11. a4 Bg4 12. h3 Be6 13. a5 a6 14. Ra3 f5 15. Qc2 Qd7 16. h4 Rad8 17.
Re1 Qc7 18. Nfd2 e4 19. dxe4 f4 20. Nf1 g5 21. hxg5 hxg5 22. Nbd2 Ne5 23. Nh2 N7c6 24.
Ndf3 fxg3 25. fxg3 Nxf3+ 26. Rxf3 Rxf3 27. Nxf3 Qxg3 28. Bxg5 Bh3 29. e3 Rf8 30. Bf4 Qg4 31. Nh2 Qg6 32. Kh1 Bd7 33. Rg1 Qh7 34. Qe2 Kh8 35. Bf3 Ne5 36. Rg5 Be8 37. Rxe5 d3 38. Qxd3 Qh3 39. Qf1 Qxf1+ 40. Nxf1 Bxe5 41. Bxe5+ Kg8 42. Nh2 Bc6 43. Kg2 Re8 44. Ng4 1-0

[Event "Late-Titled-Tuesday-Blitz-March-12-2024"]
[Site "Chess.com"]
[Date "2024.03.12"]
[Round "1"]
[White "simaopdias"]
[Black "karinachess1"]
[Result "1-0"]
[WhiteElo "2264"]
[BlackElo "2600"]
[TimeControl "180+1"]
[EndTime "14:07:32 PDT"]
[Termination "simaopdias won by resignation"]

1. e4 e5 2. Nf3 Nc6 3. Bc4 Nf6 4. d3 h6 5. c3 d6 6. h3 g5 7. Be3 Bg7 8. Qe2 d5 9. exd5 Nxd5 10. O-O O-O 11.
Nbd2 Bf5 12. Ne4 Bg6 13. Rfd1 f5 14. Nc5 Bf7 15. Nxb7 Qc8 16. Nc5 Rb8 17. Bb3 Na5 18.
d4 f4 19. Bd2 Nxb3 20. axb3 exd4 21. Nxd4 Re8 22. Qd3 Rb6 23. b4 a6 24. Re1 Rd8 25.
Qc2 Kh8 26. Ra5 Bxd4 27. cxd4 Nxb4 28. Qe4 Nd5 29. b4 Re8 30. Qb1 Bg6 31. Qa1 Rxe1+ 32.
Qxe1 Rd6 33. Qe5+ Kg8 34. Ne4 Re6 35. Qxd5 Bxe4 36. Qa2 f3 37. Re5 Kf7 38. Rxe4 fxg2 39. Kxg2 Qd7 40. Qxe6+ Qxe6 41. Rxe6 Kxe6 42. Kf3 Kd5 43.
Ke3 Kc4 44. Ke4 c6 45. f3 Kb3 46. Kd3 Kb2 47. f4 gxf4 48. Bxf4 h5 49. h4 Kb3 50.
Bd6 Ka4 51. Kc4 a5 52. bxa5 c5 53. Kxc5 1-0

[Event "Late-Titled-Tuesday-Blitz-March-12-2024"]
[Site "Chess.com"]
[Date "2024.03.12"]
[Round "1"]
[White "1g60-1"]
[Black "Yeritsyaan"]
[Result "0-1"]
[WhiteElo "2301"]
[BlackElo "2649"]
[TimeControl "180+1"]
[EndTime "14:07:34 PDT"]
[Termination "Yeritsyaan won on time"]

1. e4 g6 2. d4 Bg7 3. Nc3 c6 4. Nf3 d5 5. e5 Bg4 6. h3 Bxf3 7. Qxf3 e6 8. Be3 Ne7 9. O-O-O b5 10. Bd3 Nd7 11.
Ne2 Nb6 12. Kb1 a5 13. Bg5 a4 14.
h4 Nc4 15. h5 Qa5 16. c3 gxh5 17. Bxe7 Kxe7 18. Qxh5 h6 19. Rh3 b4 20. Bxc4 dxc4 21.
Rf3 Rhf8 22. Qh4+ Ke8 23. Rg3 Bh8 24. Qxh6 a3 25. cxb4 Qxb4 26. b3 Rb8 27. Qd2 Qb6 28. Qc3 cxb3 29. axb3 a2+ 30. Ka1 Kd7 31. f4 Rg8 32.
Rdd3 Bg7 33. Qb2 Bh6 34. f5 Qb4 35. fxe6+ fxe6 36. Rc3 Bd2 37. Rgd3 Bxc3 38. Rxc3 Rxg2 39. d5 Rxe2 40. dxc6+ Kc8 41. c7 Re1+ 42. Kxa2 Ra8+ 0-1

[Event "Late-Titled-Tuesday-Blitz-March-12-2024"]
[Site "Chess.com"]
[Date "2024.03.12"]
[Round "1"]
[White "Rikikits"]
[Black "ShahMatKanal"]
[Result "1-0"]
[WhiteElo "2868"]
[BlackElo "2493"]
[TimeControl "180+1"]
[EndTime "14:07:35 PDT"]
[Termination "Rikikits won on time"]

1. d4 d5 2. Nf3 Nf6 3. g3 g6 4.
Bg2 Bg7 5. O-O O-O 6. a4 c6 7. a5 Nbd7 8. c4 Ne4 9. Nc3 Nxc3 10. bxc3 e6 11. h4 h5 12. Bg5 f6 13. Bc1 Rf7 14. Qc2 Nf8 15. Ba3 Kh7 16. e4 dxc4 17.
e5 f5 18. Ng5+ Kg8 19. Nxf7 Kxf7 20. Qa4 g5 21. hxg5 Qxg5 22. Qxc4 h4 23. Qd3 Ng6 24. Bc1 Qh5 25. Qf3 Qh7 26. g4 Ne7 27. Bh3 Bd7 28. Kh1 Rf8 29. Bg5 Ke8 30. Bxe7 Kxe7 31. gxf5 exf5 32.
Rg1 Be6 33. Kh2 Bd5 34. Qf4 Ke8 35. Qg5 Rf7 36. Qg6 Qh8 37. Rae1 Kd8 38. e6 Re7 39. Bxf5 Kc7 40. Qg5 Bf6 41. Qf4+ Kc8 42. Rg6 h3 43.
Reg1 Re8 44. e7+ 1-0

[Event "Late-Titled-Tuesday-Blitz-March-12-2024"]
[Site "Chess.com"]
[Date "2024.03.12"]
[Round "1"]
[White "norwaytoadog"]
[Black "Skatchkov_V"]
[Result "0-1"]
[WhiteElo "2325"]
[BlackElo "2675"]
[TimeControl "180+1"]
[EndTime "14:07:38 PDT"]
[Termination "Skatchkov_V won on time"]

1. e4 e5 2. Nf3 Nf6 3. Nxe5 d6 4.
Nf3 Nxe4 5. d4 d5 6. Bd3 Bd6 7. O-O O-O 8. Re1 Bf5 9. Nbd2 Re8 10. Nf1 c6 11. Ng3 Nxg3 12. hxg3 Rxe1+ 13. Nxe1 Qf6 14.
c3 Nd7 15. Qf3 Bxd3 16. Nxd3 Re8 17. Kf1 Qg6 18. Bd2 Nf6 19. Kg1 Ne4 20. Bf4 Bxf4 21. Nxf4 Qf5 22. Re1 Re7 23. Qe3 g5 24. Nd3 Re6 25.
Ne5 h5 26. Qf3 Qh7 27. g4 f6 28. Nd3 Kf7 29. Qf5 Qxf5 30. gxf5 Re7 31. g3 Nd6 32. Rxe7+ Kxe7 33. Nc5 b6 34. Na4 Nxf5 35. b4 Nd6 36.
Kf1 Ne4 37. Ke2 b5 38. Nc5 Nxc5 39. bxc5 a5 40. Kf3 Ke6 41. Ke3 Kf5 42. Kf3 h4 0-1

[Event "Late-Titled-Tuesday-Blitz-March-12-2024"]
[Site "Chess.com"]
[Date "2024.03.12"]
[Round "1"]
[White "AryanTari"]
[Black "only_strong_moves"]
[Result "1-0"]
[WhiteElo "2936"]
[BlackElo "2529"]
[TimeControl "180+1"]
[EndTime "14:07:39 PDT"]
[Termination "AryanTari won by resignation"]

1. Nf3 Nf6 2. d4 d5 3. Bf4 e6 4.
e3 c5 5. Nbd2 Nc6 6. c3 Nh5 7. Bg5 f6 8. Bh4 g6 9. Be2 cxd4 10.
Nxd4 Nxd4 11. cxd4 Ng7 12. Bb5+ Kf7 13. g4 Bd6 14. Bg3 Bd7 15. Bd3 Qe7 16. a3 Rac8 17. Nf3 a6 18. g5 fxg5 19. Nxg5+ Qxg5 20. Bxd6 Bb5 21. Bxb5 axb5 22. Qb3 Nf5 23. Be5 Rhe8 24. Qxb5 Re7 25. Kd2 Nh4 26. Qe2 Qf5 27. Rhc1 Nf3+ 28. Kd1 Rxc1+ 29. Rxc1 Nxe5 30. dxe5 Qxe5 31. h4 Qe4 32.
Rc8 Rd7 33. Qb5 Re7 34. Qb6 Rd7 35. Qb5 Re7 36. Qa5 d4 37. Qd8 Qd3+ 38. Ke1 Qb1+ 39. Ke2 d3+ 40. Qxd3 Qxb2+ 41. Kf1 Qb6 42. Qc3 e5 43.
Qc4+ Qe6 44. Qc5 Qf6 45. h5 Qe6 46. h6 Qf6 47. Qd5+ Qe6 48. Qf3+ Qf6 49. Rf8+ Kxf8 50. Qxf6+ 1-0

[Event "Late-Titled-Tuesday-Blitz-March-12-2024"]
[Site "Chess.com"]
[Date "2024.03.12"]
[Round "1"]
[White "cthulhuuu"]
[Black "AlexPapasimakopoulos"]
[Result "1/2-1/2"]
[WhiteElo "2398"]
[BlackElo "2704"]
[TimeControl "180+1"]
[EndTime "14:07:39 PDT"]
[Termination "Game drawn by repetition"]

1. e4 e6 2. d3 d5 3. Nd2 c5 4. Ngf3 Nc6 5. g3 Nge7 6. Bg2 g6 7.
O-O Bg7 8. Re1 a5 9. Qe2 a4 10. a3 O-O 11. e5 b5 12. h4 h6 13. Nf1 Nf5 14. c3 b4 15. Bh3 bxc3 16. bxc3 Na5 17.
Bf4 Nb3 18. Rad1 d4 19. c4 Bb7 20. N1h2 Kh7 21. Bg2 Qe7 22. Ng4 Ra7 23. Nf6+ Bxf6 24. exf6 Qxf6 25. h5 gxh5 26. Ne5 Bxg2 27. Kxg2 h4 28.
g4 Ne7 29. Qe4+ Ng6 30. Bh2 Kg7 31. f4 Rg8 32. Kh3 Kh8 33. f5 exf5 34. gxf5 Ne7 35.
Ng4 Qxf5 36. Be5+ f6 37. Bxf6+ Kh7 38. Bxe7 Qxe4 39. Rxe4 Rg7 40. Nf6+ Kh8 41. Bd6 Rgf7 42. Rg1 Rxf6 43. Re8+ Kh7 44. Be5 Raf7 45. Bxf6 Rxf6 46. Re7+ Kh8 47. Re8+ Kh7 48. Re7+ Kh8 49. Re8+ Kh7 1/2-1/2

[Event "Late-Titled-Tuesday-Blitz-March-12-2024"]
[Site "Chess.com"]
[Date "2024.03.12"]
[Round "1"]
[White "Genghis_K"]
[Black "BigAl"]
[Result "1-0"]
[WhiteElo "2931"]
[BlackElo "2524"]
[TimeControl "180+1"]
[EndTime "14:07:40 PDT"]
[Termination "Genghis_K won by resignation"]

1. e4 c6 2. Nf3 d5 3. Nc3 dxe4 4.
Nxe4 Nf6 5. Qe2 Be6 6. Neg5 Bd5 7.
c4 h6 8. cxd5 hxg5 9. Nxg5 Qxd5 10.
Nf3 e6 11. g3 Nbd7 12. Bg2 O-O-O 13. O-O Qh5 14. d4 Bd6 15. Bd2 e5 16. h4 e4 17.
d5 exf3 18. Bxf3 Qg6 19. dxc6 Ne5 20. cxb7+ Kb8 21. Bg2 Qd3 22. Qxd3 Nxd3 23. Bc3 Be5 24. a4 Bxc3 25. bxc3 Nc5 26. a5 Rd6 27. Rfe1 Re8 28.
Bf3 Rde6 29. Red1 Nfe4 30. Rd5 R6e7 31. a6 Rd7 32. Bxe4 Rxd5 33. Bxd5 f6 34. c4 Rd8 35. Kg2 Kc7 36. h5 Rd6 37. Re1 Nxa6 38. Re7+ Rd7 39. Re8 Nb8 40. Rc8+ Kb6 41. Rxb8 Kc7 42. Rc8+ 1-0

[Event "Late-Titled-Tuesday-Blitz-March-12-2024"]
[Site "Chess.com"]
[Date "2024.03.12"]
[Round "1"]
[White "mr_gustavo"]
[Black "wild3000"]
[Result "1-0"]
[WhiteElo "2725"]
[BlackElo "2411"]
[TimeControl "180+1"]
[EndTime "14:07:41 PDT"]
[Termination "mr_gustavo won by resignation"]

1. f4 b6 2. Nf3 Bb7 3. e3 c5 4. b3 Nf6 5. Bb2 e6 6. Be2 d5 7.
O-O Be7 8. Ne5 Nbd7 9. Nxd7 Qxd7 10. d3 O-O 11. Nd2 a5 12. a4 b5 13. axb5 Qxb5 14. Ra4 Qd7 15. f5 Bc6 16. Raf4 a4 17. fxe6 fxe6 18. bxa4 Rxa4 19. Rxa4 Bxa4 20. Nf3 Ng4 21.
Qd2 Bf6 22. Bxf6 Rxf6 23. h3 Nh6 24. Ne5 Rxf1+ 25. Bxf1 Qc7 26. d4 Nf5 27. c3 Be8 28.
Bd3 Nd6 29. Qc2 g6 30. Qf2 cxd4 31. cxd4 Qe7 32. Ng4 Kg7 33. Qf4 Nf7 34. Qb8 h5 35. Ne5 Nxe5 36. Qxe5+ Qf6 37. Qc7+ Bf7 38. Bb5 Qg5 39. Kf2 Qf6+ 40. Ke2 Qg5 41. g3 h4 42. Be8 Qf6 43. Qxf7+ Qxf7 44. Bxf7 Kxf7 45. gxh4 Kf6 46. Kf2 e5 47. Kg3 exd4 48. exd4 Kf5 49. Kf3 Ke6 50. Kf4 Kf6 51. h5 gxh5 52. h4 Ke6 53. Kg5 Ke7 54.
Kxh5 Ke6 55. Kg4 Kf6 56. Kf4 Ke6 57. Kg5 Ke7 58. Kf5 Kf7 59. Ke5 Kg6 60. Kxd5 Kh5 61. Ke6 Kxh4 62. d5 Kg5 63. d6 Kg6 64. d7 Kg7 65.
d8=Q Kg6 66. Qf6+ Kh5 67. Qg7 1-0

[Event "Late-Titled-Tuesday-Blitz-March-12-2024"]
[Site "Chess.com"]
[Date "2024.03.12"]
[Round "1"]
[White "kinga2008"]
[Black "The_Machine04"]
[Result "0-1"]
[WhiteElo "2455"]
[BlackElo "2810"]
[TimeControl "180+1"]
[EndTime "14:07:42 PDT"]
[Termination "The_Machine04 won by resignation"]

1. e4 d6 2. Nf3 Nf6 3. Nc3 e5 4. d4 Nbd7 5. dxe5 dxe5 6. Bg5 Be7 7. Bc4 c6 8. O-O O-O 9. h3 h6 10. Bh4 b5 11. Bd3 a5 12. Bg3 Qc7 13. Qe2 a4 14.
Nd1 Re8 15. Ne3 Bf8 16. Nf5 g6 17. Ne3 Nh5 18. Bh2 Nf4 19. Bxf4 exf4 20. Ng4 h5 21. Ngh2 Bg7 22. c3 a3 23. Rfc1 axb2 24. Qxb2 Nc5 25. Qe2 Be6 26. Nd4 Nxd3 27. Qxd3 Bc4 28. Qc2 Ra3 29. Qb2 Rea8 30. Nhf3 Rxa2 31. Rxa2 Rxa2 32. Qb1 Qd7 33. Rd1 Qe8 34. Nd2 Ra4 35. Nxc4 Rxc4 36. Qd3 c5 37. Nf3 Rxc3 38. Qd2 b4 39. Qxf4 b3 40.
Qd2 Qxe4 41. Qd8+ Bf8 42. Ng5 Qe7 43. Qd2 Rc2 44. Qf4 b2 45. Ne4 Rc1 46. Nf6+ Qxf6 0-1

[Event "Late-Titled-Tuesday-Blitz-March-12-2024"]
[Site "Chess.com"]
[Date "2024.03.12"]
[Round "1"]
[White "BardArtem"]
[Black "DrRiebert"]
[Result "1-0"]
[WhiteElo "2740"]
[BlackElo "2421"]
[TimeControl "180+1"]
[EndTime "14:07:43 PDT"]
[Termination "BardArtem won by checkmate"]

1. e4 c5 2. d4 cxd4 3. Qxd4 Nc6 4. Qd3 e6 5. Nc3 Nf6 6. Bf4 d5 7. exd5 Nxd5 8. Nxd5 Qxd5 9. Qxd5 exd5 10. O-O-O Be6 11.
Ne2 Bc5 12. Bg3 O-O 13. a3 a6 14. Nf4 Rad8 15. Be2 Rfe8 16. Bf3 Nd4 17. Nxe6 fxe6 18. Bg4 g6 19. Be5 Nc6 20. Bg3 Kf7 21. h4 h5 22. Be2 Nd4 23. Bd3 Nf5 24. Bxf5 gxf5 25.
Rde1 Rg8 26. Re2 Rc8 27. Kd1 Rg4 28. Rh3 Rcg8 29. Ke1 Bd4 30. c3 Bf6 31. Kd1 f4 32. Bh2 e5 33. g3 f3 34. Rd2 Ke6 35. Kc2 Rc8 36. Kb1 e4 37. Bg1 Rc4 38. Rh1 d4 39. cxd4 Rxd4 40. Rxd4 Bxd4 41. Kc2 Rg8 42. b3 Rc8+ 43.
Kd2 Rc3 44. g4 hxg4 45. h5 Rxb3 46. h6 Rxa3 47. h7 Bh8 48. Rh6+ Kd5 49. Bh2 b5 50. Rd6+ Kc5 51. Rd8 Bc3+ 52. Kc2 Kb4 53. h8=Q Bxh8 54. Bd6+ Ka4 55. Bxa3 Bf6 56. Rd6 Be5 57. Rxa6# 1-0

[Event "Late-Titled-Tuesday-Blitz-March-12-2024"]
[Site "Chess.com"]
[Date "2024.03.12"]
[Round "1"]
[White "Willhaven3"]
[Black "BebeBonito2022"]
[Result "1-0"]
[WhiteElo "2652"]
[BlackElo "2314"]
[TimeControl "180+1"]
[EndTime "14:07:43 PDT"]
[Termination "Willhaven3 won on time"]

1. e4 e5 2. f4 d5 3. exd5 exf4 4. Nf3 Nf6 5. c4 c6 6. Nc3 cxd5 7. d4 Bb4 8. Bxf4 O-O 9. Be2 Nc6 10. O-O dxc4 11.
Bxc4 Bg4 12. d5 Bc5+ 13. Kh1 Nd4 14. Qd3 Bf5 15. Qd2 Nxf3 16. Rxf3 Ne4 17. Nxe4 Bxe4 18.
Rff1 Rc8 19. Rac1 Bd6 20. Bxd6 Qxd6 21. Rf4 Bg6 22. Rcf1 Rfe8 23. h3 Re4 24. b3 Rxf4 25.
Rxf4 h6 26. a4 a6 27. a5 Rd8 28. Qd4 Re8 29. Rf1 Re4 30. Qb6 Qxb6 31. axb6 Rd4 32.
Re1 Kf8 33. Kg1 Re4 34. Rd1 Ke7 35. d6+ Kd7 36. Bd5 Re2 37. Bxb7 Rb2 38. Bf3 Rxb3 39. b7 Bf5 40. Kf2 a5 41. Ra1 Rb2+ 42. Kg3 h5 43. h4 g5 44. Rxa5 gxh4+ 45. Kxh4 Be6 46. Ra8 1-0

[Event "Late-Titled-Tuesday-Blitz-March-12-2024"]
[Site "Chess.com"]
[Date "2024.03.12"]
[Round "1"]
[White "GlavkonVVS"]
[Black "KSho99"]
[Result "1-0"]
[WhiteElo "2589"]
[BlackElo "2138"]
[TimeControl "180+1"]
[EndTime "14:07:43 PDT"]
[Termination "GlavkonVVS won by checkmate"]

1. c4 e6 2. Nf3 b6 3. g3 Bb7 4.
Bg2 f5 5. O-O Nf6 6. Nc3 Bb4 7.
Qb3 Nc6 8. a3 Bxc3 9. Qxc3 O-O 10. b4 Ne4 11. Qc2 a5 12. d3 Nf6 13. b5 Ne7 14. Bb2 Qe8 15. a4 Qh5 16. c5 Rac8 17.
Rac1 f4 18. Qd2 fxg3 19. fxg3 bxc5 20. e4 d6 21. Qxa5 Ng4 22. Qd2 Ng6 23. h3 N4e5 24. Ng5 Nxd3 25. Nxe6 Nxc1 26. Nxf8 Ne2+ 27. Kh2 Rxf8 28.
Rxf8+ Nxf8 29. a5 Nd4 30. a6 Ba8 31. Bxd4 cxd4 32. Qa5 d3 33. a7 Qe2 34. Qa4 d2 35.
Qa2+ Kh8 36. Qf7 h6 37. Qxf8+ Kh7 38. Qf5+ Kh8 39. Qc8+ Kh7 40. Qxa8 d1=Q 41. Qf8 Qdd2 42. Qf5+ g6 43. Qf7+ Kh8 44. a8=Q# 1-0

[Event "Late-Titled-Tuesday-Blitz-March-12-2024"]
[Site "Chess.com"]
[Date "2024.03.12"]
[Round "1"]
[White "WindWhistler11"]
[Black "Eduard_Limonov"]
[Result "1-0"]
[WhiteElo "2525"]
[BlackElo "2866"]
[TimeControl "180+1"]
[EndTime "14:07:44 PDT"]
[Termination "WindWhistler11 won by resignation"]

1. Nf3 d5 2. g3 Nf6 3. Bg2 e6 4. O-O Be7 5. c4 O-O 6. b3 d4 7. e3 c5 8. exd4 cxd4 9. Re1 Nc6 10. Ne5 Nxe5 11. Rxe5 Qc7 12. Re1 e5 13. d3 Nd7 14.
Na3 f6 15. Nc2 a5 16. Nxd4 Nc5 17. Nb5 Qd8 18. d4 exd4 19. Qxd4 Bd7 20. Ba3 Rc8 21. Rad1 Bxb5 22. Qxd8 Rfxd8 23. cxb5 Rxd1 24. Rxd1 b6 25. Bc6 Kf7 26. Kg2 g6 27. h4 f5 28. Bxc5 Bxc5 29.
Rd7+ Kg8 30. h5 gxh5 31. Bd5+ Kh8 32. Be6 Rf8 33. Rd5 f4 34. Rxh5 fxg3 35. fxg3 Rf2+ 36.
Kh3 Kg7 37. a4 Re2 38. Bc4 Re3 39. Rg5+ Kf6 40. Rg4 Bd6 41. Kh4 Re1 42. Rg8 Rh1+ 43. Kg4 h5+ 44. Kf3 Rc1 45. Kg2 Rd1 46. Be2 Rd2 47.
Kf3 Rc2 48. Bc4 Bc5 49. Rh8 Kg5 50. Rg8+ Kf5 51. Bd3+ 1-0

[Event "Late-Titled-Tuesday-Blitz-March-12-2024"]
[Site "Chess.com"]
[Date "2024.03.12"]
[Round "1"]
[White "Andrei_Skvortsov"]
[Black "Boninknights"]
[Result "0-1"]
[WhiteElo "2742"]
[BlackElo "2447"]
[TimeControl "180+1"]
[EndTime "14:07:44 PDT"]
[Termination "Boninknights won by resignation"]

1. e4 e5 2. d4 Nc6 3. dxe5 Nxe5 4. Nc3 Bc5 5. Nf3 Nxf3+ 6. Qxf3 d6 7. Qg3 Nf6 8. Bc4 O-O 9. O-O Ng4 10. h3 Ne5 11.
Be2 f5 12. exf5 Bxf5 13. Na4 Bb6 14. Nxb6 axb6 15. c4 Qf6 16. Qc3 Nc6 17. Qxf6 Rxf6 18. Bg5 Rg6 19. h4 h6 20. Be3 Be4 21. f3 Bc2 22. h5 Re6 23. Kf2 Rae8 24. Rac1 Rxe3 25. Rxc2 Nd4 26. Rd2 Rxe2+ 27. Rxe2 Rxe2+ 28. Kg3 Rxb2 29. Re1 Kf7 30. Re4 c5 31. Rf4+ Ke7 32. Re4+ Ne6 33. f4 Kf6 34. Re3 Rb4 35. Rd3 Rxc4 36. Rxd6 Rxf4 37. Rxb6 Ra4 38. Rxb7 Ra3+ 39. Kh4 Rxa2 40. g4 Ng5 41. Rb6+ Ke5 42. Rb5 Ra3 43. Rb3 Ra2 44.
Kg3 c4 45. Rb7 c3 46. Rxg7 c2 47. Rc7 Kd4 48. Rc6 Ne4+ 49. Kf4 Nc3 50. Rd6+ Kc5 51.
Rg6 c1=Q+ 52. Kf5 Qf1+ 53. Ke6 Nd5 54. Kd7 Ra7+ 0-1

[Event "Late-Titled-Tuesday-Blitz-March-12-2024"]
[Site "Chess.com"]
[Date "2024.03.12"]
[Round "1"]
[White "Zapateado"]
[Black "Lennis93"]
[Result "1/2-1/2"]
[WhiteElo "2373"]
[BlackElo "2687"]
[TimeControl "180+1"]
[EndTime "14:07:45 PDT"]
[Termination "Game drawn by repetition"]

1. c4 c5 2. Nc3 Nc6 3. g3 g6 4. Bg2 Bg7 5. e4 d6 6. Nge2 h5 7. h3 Nf6 8. O-O Nd7 9. d3 Nf8 10.
Be3 Ne6 11. a3 Rb8 12. Rb1 b6 13. b4 Ncd4 14. f4 f5 15. Bf2 Bb7 16. Nxd4 Nxd4 17. Ne2 fxe4 18. Nxd4 cxd4 19. dxe4 e5 20. Qa4+ Qd7 21.
Qxd7+ Kxd7 22. fxe5 dxe5 23. Bxd4 exd4 24. Rf7+ Ke6 25. Rxg7 Rhg8 26. Rxg8 Rxg8 27. c5 Ke5 28. cxb6 axb6 29. Rc1 Rc8 30. Rxc8 Bxc8 31. Kf2 Bd7 32.
Ke2 g5 33. h4 gxh4 34. gxh4 Bb5+ 35. Kd2 Kf4 36. Bh3 Kxe4 37. Be6 Kf4 38. Bb3 Kg3 39. a4 Bf1 40. a5 bxa5 41. bxa5 Kxh4 42. Bd1 Kg5 43. Be2 Bg2 44. Bxh5 Kxh5 45. Kd3 Kg5 46. Kxd4 Kf6 47. Kc5 Ke7 48. Kb6 Kd8 49. a6 Kc8 50. a7 Ba8 51. Ka6 Kc7 52. Ka5 Kc6 53. Kb4 Kb6 54. Kc3 Ka6 55. Kb2 Ka5 56. Kc3 Kb5 57. Kb2 Kc5 58. Kc3 Bd5 59. Kb2 Kb6 60. Ka3 Ba8 61.
Kb4 Ka6 62. Kc5 Kb7 63. Kd6 Kc8 64. Kc5 Kc7 65. Kb5 Kb7 66. Kc5 Ka6 67. Kd6 Kb6 68. Kd7 Kb7 69. Kd6 Kb6 70. Kd7 Kb7 71. Kd6 1/2-1/2